 Dungeon Crawl Stone Soup version 0.31-a0-164-g2312942fda (webtiles) character file.

Game seed: 6397356784021211883

406 Anon1729 the Trooper (level 6, -1/84 HPs)
             Began as a Minotaur Monk on June 13, 2023.
             Slain by an orc
             ... wielding a +0 dagger
              (3 damage)
             ... on level 5 of the Dungeon.
             The game lasted 00:03:10 (3560 turns).

Anon1729 the Trooper (Minotaur Monk)                Turns: 3560, Time: 00:03:10

Health: -1/84      AC:  2    Str: 18 (21) XL:     6   Next: 56%
Magic:  7/7        EV: 13    Int:  6 (7)  God:
Gold:   202        SH:  0    Dex: 12 (15) Spells: 5/5 levels left

rFire   . . .        a - +0 short sword
rCold   . . .        d - orb {light}
rNeg    . . .        b - +0 robe
rPois   .            (helmet restricted)
rElec   .            (no cloak)
rCorr   .            (no gloves)
SInv    .            (no boots)
Will    .....        i - amulet of the acrobat Stlth
                     h - +6 ring of strength
HPRegen 0.34/turn    m - ring of wizardry
MPRegen 0.10/turn

%: acrobat, wizardry (x1)
@: confused, brilliant, berserking (expiring), attractive, glowing, very quick
A: horns 2, retaliatory headbutt
a: no special abilities


You were on level 5 of the Dungeon.
You visited 1 branch of the dungeon, and saw 5 of its levels.

You collected 283 gold pieces.
You spent 81 gold pieces at shops.

Inventory:

Hand Weapons
 a - a +0 short sword (weapon)
Armour
 b - a +0 robe (worn)
 d - an orb of light (worn)
Jewellery
 h - a +6 ring of strength (left hand)
 i - an amulet of the acrobat (around neck)
 m - a ring of wizardry (right hand)
 s - a ring of protection from cold
Scrolls
 e - a scroll of vulnerability {unknown}
 g - 2 scrolls of immolation {unknown}
 j - a scroll of noise {unknown}
 l - a scroll of amnesia {unknown}
 n - a scroll of summoning {unknown}
 p - 3 scrolls of identify {unknown}
 q - a scroll of enchant armour {unknown}
 t - a scroll of revelation {unknown}
 v - a scroll of fear {unknown}
Potions
 c - a potion of ambrosia
 f - 2 potions of brilliance
 u - a potion of haste {unknown}


   Skills:
 + Level 5.1 Fighting
 + Level 4.6 Short Blades
 + Level 3.3 Armour
 + Level 4.7 Dodging
 + Level 2.7 Invocations


You had 5 spell levels left.
You didn't know any spells.
Your spell library was empty.

Dungeon Overview and Level Annotations

Branches:
Dungeon (5/15)
 Temple: D:4-7

Altars:
Ashenzari
Gozag
Ru
Wu Jian
Xom

Shops:
D:3 *   D:4 :


Innate Abilities, Weirdness & Mutations

You have a pair of horns on your head.
You reflexively headbutt those who attack you in melee.


Message History

You feel yourself moving faster!
You feel mighty!
The orc shouts!
You hear a shout! x3
The scorpion barely misses you. The orc hits you with a +0 dagger.
* * * LOW HITPOINT WARNING * * *
An orc comes into view. It is wielding a +0 mace.
The orc barely misses you.
An orc comes into view. It is wielding a +0 flail.
The orc closely misses you. The orc is attracted toward you. x3
You puncture the orc!
You kill the orc!
The scorpion barely misses you. The orc is attracted toward you. x2
You're too confused to move!
You feel less invigorated. The orc hits you but does no damage.
An orc comes into view. It is wielding a +0 trident.
The orc barely misses you. The orc misses you. The orc is attracted toward you.
You're too confused to move!
You feel a strong urge to attack something.
The scorpion barely misses you. The orc is attracted toward you.
You hit the scorpion.
The scorpion is lightly wounded.
The orc closely misses you.
The orc wizard hits you with a +0 dagger.
* * * LOW HITPOINT WARNING * * *
The orc misses you.
The orc hits you from afar with a +0 trident.
* * * LOW HITPOINT WARNING * * *
The scorpion closely misses you.
You bump into the rock wall.
You closely miss the orc wizard. Your headbutt misses the orc wizard.
The orc wizard completely misses you. The orc misses you.
The orc completely misses you. The scorpion closely misses you.
The orc hits you with a +0 flail.
* * * LOW HITPOINT WARNING * * *
The orc hits you from afar with a +0 trident!
* * * LOW HITPOINT WARNING * * *
You puncture the orc wizard! Your headbutt misses the orc wizard.
The orc wizard is severely wounded.
The scorpion barely misses you.
You bump into the rock wall.
The orc hits you with a +0 dagger.
You die...

....... ...###. ....##.
#..)... . .##. ##.....
## . .... ......# .###.
.###.... .......
......###.#..## .......
......#@o.....# #.#....
.....oosoo....### ###...
.....ooo........###...##
.........†......#......)
.).....................#
.......................#
.......................#
........................
.......####.###......###


You could see a scorpion, an orc wizard (invisible) and 7 orcs.

Vanquished Creatures
  An ogre (D:3)
  A scorpion (D:4)
  2 howler monkeys (D:5)
  Terence (D:3)
  An iguana (D:5)
  An orc wizard (D:5)
  An adder (D:5)
  A worm (D:2)
  5 dart slugs
  6 orcs
  7 endoplasms
  13 goblins
  8 hobgoblins
  5 jackals
  4 quokkas
  8 ball pythons
  4 bats
  2 frilled lizards
  5 kobolds
  4 rats
80 creatures vanquished.

Notes
Turn   | Place    | Note
-------+----------+-------------------------------------------
     0 | D:1      | Anon1729 the Minotaur Monk began the quest for the Orb.
     0 | D:1      | Reached XP level 1. HP: 19/19 MP: 0/0
   116 | D:1      | Reached XP level 2. HP: 7/27 MP: 1/1
   246 | D:1      | You fall into a shaft and drop 1 floor!
   246 | D:2      | Found a sacrificial altar of Ru.
   305 | D:2      | Reached skill level 1 in Armour
   357 | D:2      | Noticed Terence
   375 | D:3      | HP: 1/27 [frozen (3)]
   676 | D:3      | Found Isurycoh's Assorted Antiques.
   679 | D:3      | Bought a scroll labelled TOHEUMYUWA for 28 gold pieces
   679 | D:3      | Bought a metallic coppery potion for 25 gold pieces
   882 | D:3      | Reached skill level 4 in Fighting
   882 | D:3      | Reached XP level 3. HP: 33/33 MP: 2/2
   907 | D:3      | Reached skill level 1 in Invocations
   925 | D:3      | Noticed an ogre
   933 | D:3      | Killed an ogre
   934 | D:3      | Reached XP level 4. HP: 19/41 MP: 2/4
  1307 | D:4      | Found an opulent altar of Gozag.
  1400 | D:4      | Found a shimmering altar of Xom.
  1425 | D:4      | Found an ornate altar of the Wu Jian Council.
  1612 | D:4      | Found Avarorof's Vocational Training.
  1644 | D:4      | Reached XP level 5. HP: 47/47 MP: 5/5
  1656 | D:4      | Found a broken altar of Ashenzari.
  1968 | D:3      | Bought a scroll labelled SIJ ELIHUFUCS for 28 gold pieces
  2022 | D:3      | Killed Terence
  3360 | D:5      | Entered Level 5 of the Dungeon
  3384 | D:5      | Reached XP level 6. HP: 50/55 MP: 6/6
  3528 | D:5      | Reached skill level 5 in Fighting
  3558 | D:5      | HP: 2/84 [orc/+0 trident (8)]
  3560 | D:5      | Slain by an orc

Illustrated notes

Levels and vault maps discovered:
D:1:      nicolae_arrival_memento_mori, layout_basic
D:2:      minmay_evil_eye, layout_basic, basic_altar, minmay_pentomino_pile,
          uniq_terence
D:3:      layout_loops_ring, serial_shops, shop, nicolae_elevator_lobby_asterisk
D:4:      layout_basic, cheibrodos_ashenzari_chains,
          mainiacjoe_overflow_brackets, nzn_wu_jian_contemplation,
          amcnicky_altar_gilded, nicolae_shop_vocational
D:5:      layout_cave_pools, lemuel_crystal_altar

Skill      XL: |  1  2  3  4  5  6 |
---------------+-------------------+-----
Armour         | 1 2 3 |  3.3
Fighting       | 4 5 |  5.1
Invocations    | 1 2 |  2.7
Short Blades   | 4 |  4.6
Dodging        | 4 |  4.7

Action                     |  1- 3 |  4- 6 || total
---------------------------+-------+-------++-------
  Melee: Short sword       |    62 |   140 ||   202
         Headbutt          |    13 |    39 ||    52
    Use: Potion            |       |     5 ||     5
 Armour: Robe              |     3 |     6 ||     9
  Dodge: Dodged            |    33 |   116 ||   149

Table legend: (Time is in decaauts)
 A = Elapsed time spent in this place.
 B = Non-inter-level travel time spent in this place.
 C = Inter-level travel time spent in this place.
 D = Time resting spent in this place.
 E = Time spent auto-exploring this place.
 F = Levels seen in this place.
 G = Mean time per level.
                   A        B        C        D        E       F      G
               +--------+--------+--------+--------+--------+-----+--------+
         Total |   3518 |   3326 |    192 |     96 |   2772 |   5 |  703.6 |
       Dungeon |   3518 |   3326 |    192 |     96 |   2772 |   5 |  703.6 |
               +--------+--------+--------+--------+--------+-----+--------+

Top non-repeatable levels by time:
     D:3: 994 daAuts
     D:1: 887 daAuts
     D:2: 770 daAuts
     D:4: 678 daAuts
     D:5: 187 daAuts
